 Dungeon Crawl Stone Soup version 0.19.1 (webtiles) character file.

11979 rastmirit1 the Blocker (level 12, -11/145 HPs)
             Began as a Formicid Fighter on Nov 29, 2016.
             Was a High Priest of Okawaru.
             Killed from afar by Azrael (28 damage)
             ... with a fireball
             ... on level 2 of the Orcish Mines.
             The game lasted 00:40:49 (10033 turns).

rastmirit1 the Blocker (Formicid Fighter)          Turns: 10033, Time: 00:40:50

Health: -11/145    AC: 26    Str: 27    XL:     12   Next: 14%
Magic:  0/12       EV:  2    Int:  9    God:    Okawaru [*****.]
Gold:   475        SH: 17    Dex: 12    Spells: 0 memorised, 11 levels left

rFire  . . .     SeeInvis .     a - +0 war axe
rCold  . . .     Gourm    .     (armour currently unavailable)
rNeg   + + +     Faith    .     N - +2 shield
rPois  +         Spirit   +     (helmet unavailable)
rElec  .         Reflect  .     (cloak currently unavailable)
rCorr  +         Harm     .     (gloves currently unavailable)
MR     +....                    (boots currently unavailable)
Stlth  +++.......               c - amulet of guardian spirit
                                k - ring "Awyt" {rCorr *Slow +Fly rN+ Int+2}
                                i - +4 ring of evasion

@: tree-form, heroism
A: permanent stasis, dig shafts and tunnels, four strong arms, (antennae 0),
thin skeletal structure 1
a: Heroism, Finesse, Renounce Religion


You were on level 2 of the Orcish Mines.
You worshipped Okawaru.
Okawaru was extremely pleased with you.
You were not hungry.
You were a tree.
You visited 2 branches of the dungeon, and saw 12 of its levels.

You collected 722 gold pieces.
You spent 247 gold pieces at shops.

Inventory:

Hand Weapons
 a - a +0 war axe (weapon)
Armour
 u - a +2 pair of boots (melded)
 v - the +8 chain mail of the Moon (melded) {rPois rN+ Dex-2}
   (You acquired it on level 10 of the Dungeon)

   It affects your dexterity (-2).
   It protects you from poison.
   It protects you from negative energy.
 N - a +2 shield (worn)
Jewellery
 c - an amulet of guardian spirit (around neck)
 i - a +4 ring of evasion (left branch)
 k - the ring "Awyt" (right branch) {rCorr *Slow +Fly rN+ Int+2}
   (You acquired it on level 9 of the Dungeon)

   [ring of resist corrosion]

   It affects your intelligence (+2).
   It protects you from negative energy.
   It lets you fly.
   It may slow you when you take damage.
Wands
 j - a wand of flame (12/48)
 n - a wand of iceblast (3/15)
 r - a wand of lightning (4/15)
 s - a wand of paralysis (7/24)
 t - a wand of confusion (28/48)
 w - a wand of random effects (24/48)
 x - a wand of disintegration (7/24)
 y - a wand of iceblast (0/15)
 F - a wand of lightning (6/15)
 G - a wand of paralysis (9/24)
 I - a wand of acid (7/15)
 K - a wand of lightning (1/15)
Scrolls
 l - 5 scrolls of remove curse
 m - a scroll of enchant armour
 p - a scroll of enchant weapon
 B - 2 scrolls of fog
 D - 4 scrolls of identify
 O - 2 scrolls of fear
Potions
 d - 2 potions of flight
 h - a potion of resistance
 q - a potion of cancellation
 A - 4 potions of curing
 E - 3 potions of agility
 M - a potion of cure mutation
Miscellaneous
 e - a sack of spiders
Comestibles
 f - 10 bread rations
 g - 2 meat rations
 J - 4 beef jerkies


   Skills:
 * Level 10.2(15.2) Fighting
 + Level 11.5(16.5) Axes
 + Level 6.2(11.2) Armour
 * Level 12.8(17.8) Shields
 + Level 0.8 Invocations
 + Level 0.4 Evocations


You had 11 spell levels left.
You didn't know any spells.

Dungeon Overview and Level Annotations

Branches:
Dungeon (10/15)            Temple (0/1) D:4             Orc (2/2) D:10
   Lair: D:8-11         Elf: Orc:2

Altars:
Dithmenos
Elyvilon
Fedhas
Gozag
Hepliaklqana
Nemelex Xobeh
Okawaru
Qazlal
Sif Muna
Trog
Xom
Yredelemnul
Zin
The Shining One

Shops:
D:4 !   D:8 (*}   Orc:1 *

Annotations:
Orc:2 Azrael


Innate Abilities, Weirdness & Mutations

You are under a permanent stasis effect.
You can dig through walls and to a lower floor.
Your four strong arms can wield two-handed weapons with a shield.
((You have a pair of large antennae on your head. (SInv)))
You have a somewhat thin skeletal structure. (Dex +2, Stealth)


Message History

Azrael is heavily wounded.
You barely miss the fire elemental. x2; The fire elemental hits you.
You block Azrael's attack. The fire elemental hits you.
The fire elemental burns you!
* * * LOW HITPOINT WARNING * * *
You hit Azrael but do no damage.
Azrael is heavily wounded.
You closely miss the fire elemental.
You hit the fire elemental but do no damage.
You block the fire elemental's attack.
Unknown command.
You slash Azrael!
Azrael is heavily wounded.
You slash the fire elemental! You hit the fire elemental.
The fire elemental hits you. The fire elemental burns you!
* * * LOW HITPOINT WARNING * * *
The fire elemental hits you. Azrael gestures at you.
The fireball explodes!
The fireball engulfs you!
You die...

. #.$ ####### ..#.
##.#.#$#.....
##..†.♣E.#....
#..<))ER......
#......))).)...E§§
##.##....#........
# #...$..........
##..#.#$.......
#.............
##............
##...........


You could see Azrael and 3 fire elementals.

Vanquished Creatures
  2 hill giants (D:10)
  An orc knight (Orc:2)
  The ghost of Jesseh the Slasher, a novice HaFi (D:6)
  The ghost of Impy the Skirmisher, a novice OgAM (D:5)
  A centaur zombie (D:10)
  Joseph (D:7)
  A gargoyle (D:10)
  A centaur skeleton (D:10)
  A kobold demonologist (D:9)
  6 trolls
  Sigmund (D:2)
  2 wyverns (D:10)
  A fire elemental (Orc:2)
  A hill giant zombie (D:10)
  4 yaks (D:10)
  2 hungry ghosts
  A water moccasin (D:7)
  5 orc warriors
  2 ice beasts
  4 sky beasts
  2 necrophages (D:8)
  3 phantoms
  9 ogres
  2 centaurs
  10 big kobolds
  5 bullfrogs
  A wyvern skeleton (D:8)
  2 scorpions
  3 troll zombies (D:10)
  An electric eel (D:6)
  5 howler monkeys
  A bullfrog zombie (D:10)
  3 crimson imps
  2 jellies
  2 hounds
  3 bullfrog skeletons
  5 orc priests
  Crazy Yiuf (D:2)
  4 iguanas
  8 orc wizards
  9 worker ants
  4 ogre zombies (D:10)
  2 hound skeletons
  3 worker ant zombies
  7 gnolls
  11 adders
  4 shadow imps
  An adder skeleton (D:5)
  3 worms
  A dart slug (D:1)
  8 leopard geckos
  40 orcs
  10 bats
  6 giant cockroaches
  2 gnoll zombies (D:6)
  4 hobgoblins
  20 jackals
  21 kobolds
  3 quokkas
  2 ball pythons
  10 frilled lizards
  2 giant cockroach zombies
  14 goblins
  2 goblin skeletons (D:10)
  5 goblin zombies (D:10)
  A hobgoblin zombie (D:10)
  A leopard gecko skeleton (D:4)
  2 orc skeletons (D:10)
  15 orc zombies (D:10)
  A quokka skeleton (D:7)
  A quokka zombie (D:7)
  8 rats
334 creatures vanquished.

Notes
Turn   | Place    | Note
-------+----------+-------------------------------------------
     0 | D:1      | rastmirit1 the Formicid Fighter began the quest for the Orb.
     0 | D:1      | Reached XP level 1. HP: 18/18 MP: 1/1
   165 | D:1      | Reached XP level 2. HP: 22/24 MP: 2/2
   211 | D:1      | Reached skill level 4 in Shields
   215 | D:1      | Reached XP level 3. HP: 24/30 MP: 3/3
   908 | D:2      | Reached XP level 4. HP: 35/37 MP: 4/4
  1140 | D:2      | Noticed Sigmund
  1173 | D:2      | Killed Sigmund
  1173 | D:2      | Reached skill level 5 in Shields
  1173 | D:2      | Reached XP level 5. HP: 20/43 MP: 5/5
  1173 | D:2      | Reached XP level 6. HP: 23/49 MP: 6/6
  1384 | D:2      | Found a runed door.
  1388 | D:2      | Noticed Crazy Yiuf
  1402 | D:2      | Killed Crazy Yiuf
  1925 | D:2      | Found a shimmering altar of Xom.
  2060 | D:3      | Found a glowing golden altar of the Shining One.
  2063 | D:3      | Reached skill level 5 in Fighting
  2077 | D:3      | Reached XP level 7. HP: 56/56 MP: 7/7
  2141 | D:3      | Found a shadowy altar of Dithmenos.
  2319 | D:3      | Found an iron altar of Okawaru.
  2403 | D:3      | Became a worshipper of Warmaster Okawaru
  2446 | D:3      | Found a deep blue altar of Sif Muna.
  2621 | D:3      | Reached skill level 6 in Shields
  2937 | D:4      | Found an opulent altar of Gozag.
  3005 | D:4      | Reached * piety under Okawaru
  3007 | D:4      | Reached skill level 5 in Axes
  3016 | D:4      | Reached XP level 8. HP: 55/63 MP: 8/8
  3145 | D:4      | Found a staircase to the Ecumenical Temple.
  3182 | D:4      | Found a sparkling altar of Nemelex Xobeh.
  3305 | D:4      | Reached skill level 7 in Shields
  3377 | D:4      | Found Huzicliv's Distillery.
  3580 | D:5      | Entered Level 5 of the Dungeon
  3783 | D:5      | Found a stormy altar of Qazlal.
  3932 | D:5      | Noticed Impy's ghost (novice OgAM)
  3941 | D:5      | Killed Impy's ghost
  3941 | D:5      | Reached ** piety under Okawaru
  4375 | D:6      | Reached XP level 9. HP: 56/71 MP: 9/9
  4434 | D:6      | Found a basalt altar of Yredelemnul.
  4524 | D:6      | Reached skill level 8 in Shields
  4531 | D:6      | Noticed Jesseh's ghost (novice HaFi)
  4606 | D:6      | Killed Jesseh's ghost
  4606 | D:6      | Reached *** piety under Okawaru
  5166 | D:6      | Reached skill level 5 in Armour
  5166 | D:6      | Reached skill level 9 in Shields
  5364 | D:6      | Found a blossoming altar of Fedhas.
  5364 | D:6      | Found a white marble altar of Elyvilon.
  5639 | D:7      | Found a glowing silver altar of Zin.
  5695 | D:7      | Reached XP level 10. HP: 61/80 MP: 10/10
  6035 | D:7      | Noticed Joseph
  6062 | D:7      | Killed Joseph
  6062 | D:7      | Reached **** piety under Okawaru
  6193 | D:7      | Reached skill level 10 in Shields
  6700 | D:8      | Found an opulent altar of Gozag.
  6794 | D:8      | Found Pesicke's Weapon Boutique.
  6856 | D:8      | Found a hazy altar of Hepliaklqana.
  6973 | D:8      | Found Xaheiff's Gadget Shop.
  7065 | D:8      | Found Symoople's General Store.
  7070 | D:8      | Bought a +2 shield for 247 gold pieces
  7332 | D:9      | Noticed a kobold demonologist
  7342 | D:9      | Killed a kobold demonologist
  7371 | D:9      | Reached skill level 11 in Shields
  7514 | D:9      | Reached ***** piety under Okawaru
  7514 | D:9      | Reached skill level 10 in Axes
  7637 | D:9      | Reached XP level 11. HP: 70/87 MP: 11/11
  7654 | D:9      | Gained mutation: Your muscles are strong. (Str +2) [potion of mutation]
  7654 | D:9      | Gained mutation: You have a somewhat thin skeletal structure. (Dex +2, Stealth) [potion of mutation]
  7654 | D:9      | Lost mutation: Your muscles are strong. (Str +2) [potion of mutation]
  8186 | D:9      | Found a bloodstained altar of Trog.
  8225 | D:9      | Identified a scroll of acquirement
  8229 | D:9      | Got a smoking jade ring
  8231 | D:9      | Identified the ring "Awyt" {rCorr *Slow +Fly rN+ Int+2} (You acquired it on level 9 of the Dungeon)
  8261 | D:10     | Entered Level 10 of the Dungeon
  8308 | D:10     | Found a staircase to the Orcish Mines.
  8935 | D:10     | Noticed a hill giant
  8962 | D:10     | Killed a hill giant
  9121 | D:10     | Got a twisted chain mail
  9132 | D:10     | Identified the +8 chain mail of the Moon {rPois rN+ Dex-2} (You acquired it on level 10 of the Dungeon)
  9169 | D:10     | Reached skill level 12 in Shields
  9219 | D:10     | Noticed a hill giant
  9234 | D:10     | Killed a hill giant
  9797 | Orc:1    | Entered Level 1 of the Orcish Mines
  9811 | Orc:1    | Reached skill level 10 in Fighting
  9824 | Orc:1    | Found Ujaorra's General Store.
  9943 | Orc:2    | Entered Level 2 of the Orcish Mines
  9943 | Orc:2    | Noticed an orc knight
  9956 | Orc:2    | Received a gift from Okawaru
  9959 | Orc:2    | Reached XP level 12. HP: 96/97 MP: 10/12
 10007 | Orc:2    | Noticed Azrael
 10033 | Orc:2    | Killed from afar by Azrael

Skill      XL: |  1  2  3  4  5  6  7  8  9 10 11 |
---------------+----------------------------------+-----
Shields        | 4 5 6 7 9 11 12 | 12.8
Fighting       | 4 5 6 7 8 10 | 10.2
Axes           | 3 4 5 6 8 10 11 | 11.5
Armour         | 4 5 6 |  6.2
Invocations    | |  0.8
Evocations     | |  0.4

Action                   |  1- 3 |  4- 6 |  7- 9 | 10-12 || total
-------------------------+-------+-------+-------+-------++-------
Melee: War axe           |   101 |   146 |   414 |   603 ||  1264
Invok: Heroism           |       |       |     3 |     6 ||     9
       Finesse           |       |       |       |     1 ||     1
 Abil: Dig               |     3 |     7 |     6 |     6 ||    22
Evoke: Wand              |       |       |       |     6 ||     6
  Use: Scroll            |     1 |     6 |     7 |    10 ||    24
       Potion            |       |     4 |     1 |     5 ||    10
  Eat: Pizza             |     1 |       |     1 |       ||     2
       Meat ration       |       |     1 |     2 |     1 ||     4
       Fruit             |       |       |     3 |     3 ||     6
       Beef jerky        |       |       |       |     6 ||     6
Armor: Scale mail        |    56 |    33 |    13 |       ||   102
       Quicksilver drago |       |       |    96 |    95 ||   191
       Chain mail        |       |       |       |    51 ||    51
       Skin              |       |       |       |     8 ||     8
Dodge: Dodged            |    59 |    64 |   176 |   266 ||   565
Block: Shield            |    66 |    79 |   244 |   390 ||   779
